 Dungeon Crawl Stone Soup version 0.31-a0-102-g33a4ccc0cb (webtiles) character file.

Game seed: 15947658632730482746

5747 MackTheKnife the Martial Artist (level 10, -4/76 HPs)
             Began as a Demonspawn Monk on May 26, 2023.
             Was a Priest of Fedhas.
             Slain by a two-headed ogre
             ... wielding a +0 giant spiked club
              (12 damage)
             ... on level 9 of the Dungeon.
             The game lasted 00:12:38 (8153 turns).

MackTheKnife the Martial Artist (Demonspawn Monk)   Turns: 8153, Time: 00:12:39

Health: -4/76      AC: 12    Str: 18    XL:     10   Next: 49%
Magic:  17/17      EV: 14    Int: 14    God:    Fedhas [***...]
Gold:   353        SH:  4    Dex: 16    Spells: 9/9 levels left

rFire   . .          .
                       - Unarmed
rCold   . . .        c - orb {light}
rNeg    . . .        s - +2 leather armour {Will+}
rPois   .            r - +2 hat {Int+3}
rElec   .            g - scarf {repulsion}
rCorr   +            (no gloves)
SInv    .            o - +2 pair of boots
Will    +....        E - amulet "Deyleh Epo" {RegenMP Str+2}
Stlth   +            v - ring of resist corrosion
HPRegen 0.32/turn    x - ring of flight
MPRegen 0.55/turn

%: repel missiles
@: flying, glowing
A: antennae 2, spiny 1, sharp scales 2, condensation shield
a: Renounce Religion, Wall of Briars, Grow Ballistomycete


You were on level 9 of the Dungeon.
You worshipped Fedhas.
Fedhas was most pleased with you.
You visited 2 branches of the dungeon, and saw 10 of its levels.

You collected 353 gold pieces.


Innate Abilities, Weirdness & Mutations

You have a pair of antennae on your head.
You are partially covered in sharp spines.
You are mostly covered in razor-sharp scales. (AC +2, Slay +2)
A meltable shield of frost defends you. (SH +4)


   Skills:
 - Level 6.0 Fighting
 - Level 6.0 Dodging
 + Level 10.9 Unarmed Combat
 - Level 10.0 Invocations


You had 9 spell levels left.
You didn't know any spells.
Your spell library contained the following spells:

 Spells                   Type           Power      Damage    Failure   Level
 Blink                    Tloc           0%         N/A       45%         2
 Call Canine Familiar     Summ           0%         N/A       71%         3
 Portal Projectile        Hex/Tloc       0%         N/A       71%         3
 Leda's Liquefaction      Hex/Erth       0%         N/A       98%         4
 Manifold Assault         Tloc           0%         N/A       98%         4
 Summon Ice Beast         Ice/Summ       0%         N/A       98%         4
 Summon Mana Viper        Hex/Summ       0%         N/A       100%        5
 Monstrous Menagerie      Summ           0%         N/A       100%        7
 Storm Form               Tmut/Air       0%         N/A       100%        7

Inventory:

Missiles
 m - 7 javelins (quivered) {throwing}
 t - 4 atropa-tipped darts {throwing}
Armour
 c - an orb of light (worn)
 g - a scarf of repulsion (worn)
   (You found it on level 6 of the Dungeon)
 o - a +2 pair of boots (worn)
   (You found it on level 3 of the Dungeon)
 r - a +2 hat of intelligence (worn)
   (You took it off Gastronok on level 8 of the Dungeon)
 s - a +2 leather armour of willpower (worn)
   (You found it on level 3 of the Dungeon)
Jewellery
 v - a ring of resist corrosion (left hand)
   (You found it on level 5 of the Dungeon)
 x - a ring of flight (right hand)
   (You found it on level 6 of the Dungeon)
 z - a ring of fire
   (You found it on level 6 of the Dungeon)
 E - the amulet "Deyleh Epo" (around neck) {RegenMP Str+2}
   (You took it off an orc on level 7 of the Dungeon)

   [amulet of magic regeneration]

   It increases your rate of magic regeneration.
   Str:       It affects your strength (+2).
Wands
 l - a wand of flame (27)
   (You found it on level 2 of the Dungeon)
 y - a wand of paralysis (2)
   (You found it on level 6 of the Dungeon)
 G - a wand of light (7)
   (You found it on level 8 of the Dungeon)
Scrolls
 d - a scroll of immolation {!r!r}
 h - a scroll of amnesia {unknown}
 j - a scroll of enchant armour {unknown}
 k - 5 scrolls of teleportation {@r4}
 n - a scroll of fog {unknown}
 q - a scroll of blinking {unknown}
 u - 3 scrolls of vulnerability {unknown}
 w - 3 scrolls of magic mapping {unknown}
 D - a scroll of identify {@r1}
Potions
 a - a potion of magic
 b - 3 potions of ambrosia
 e - a potion of brilliance
 f - 3 potions of lignification {unknown}
 i - 2 potions of enlightenment
 A - a potion of resistance
 B - a potion of attraction {unknown}
 C - 2 potions of cancellation {unknown}
 F - a potion of curing {@q1}
Miscellaneous
 p - a piece from Xom's chessboard (15/15)
   (You found it on level 3 of the Dungeon)

Dungeon Overview and Level Annotations

Branches:
Dungeon (9/15) Zot: 26873  Temple (1/1) D:6 Zot: 5985
   Lair: D:8-11         Orc: D:9-12

Altars:
Ashenzari
Cheibriados
Dithmenos
Fedhas
Gozag
Hepliaklqana
Kikubaaqudgha
Makhleb
Nemelex Xobeh
Okawaru
Qazlal
Ru
Sif Muna
Trog
Uskayaw
Vehumet
Wu Jian
Xom

Shops:
D:5 =

Annotations:
D:5 3 runed translucent doors, nago's ghost, amateur DjAE
D:8 2 runed translucent doors, pk666's ghost, novice DEFE

## ### #.# .. ..# #.# .#
#.# #># # .# # #.###.##
.. .# #.###.##...# .# .#
#..........# ..# .#
#.#####.##...###...## .#
#....................
##########......@O...<..
...# #..####........
##.# #))## ###....##
##.#######.).## ....#
............#.# ....#
...........#.## ##..#
.#.########.## #.. †#.#
### #. .#.#


You could see a two-headed ogre.


Message History

You kill the orc warrior!
Fedhas appreciates your contribution to the ecosystem.
The orc wizard hits you but does no damage. x2 😕 HP[-2]
You take 2 damage, and now have 63/76 hp.
You punch the orc wizard!
You kill the orc wizard!
Fedhas appreciates your contribution to the ecosystem.
The orc wizard is struck by your spines.
The orc wizard hits you but does no damage.
You hit the orc wizard.
The orc wizard gestures at you while chanting.
The magic dart hits you but does no damage.
You punch the orc wizard!
You kill the orc wizard!
Fedhas appreciates your contribution to the ecosystem.
No target in view!
No target in view!
No target in view!
No target in view!
Your icy envelope is restored.
Key pressed, stopping explore.
A water moccasin comes into view. 😎 HP[+13]
Your hp is fully restored (76).
A water moccasin is nearby!
A water moccasin is nearby!
A water moccasin is nearby!
The water moccasin hisses angrily.
Things that are here:
a +0 dagger {short}; a +0 robe; an orc corpse
Found a stone staircase leading down.
The water moccasin barely misses you.
The water moccasin bites you but does no damage.
You pummel the water moccasin!!
The water moccasin bites you but does no damage.
You punch the water moccasin!
You kill the water moccasin!
Fedhas appreciates your contribution to the ecosystem.
No target in view!
No target in view!
No target in view!
h - a scroll labelled LOQ PIFAUPNUUH
Things that are here:
a +0 flail {mace}; a +0 plate armour
Items here: )) [[ ††.
You now have 353 gold pieces (gained 15).
Key pressed, stopping explore.
Things that are here:
a +0 flail {mace}; a +0 plate armour Key pressed, stopping explore.
A wyvern comes into view.
A wyvern is nearby!
A two-headed ogre comes into view.
It is wielding a +0 giant spiked club and a +0 giant club.
Found a stone staircase leading up.
The wyvern hisses angrily.
The wyvern hisses menacingly.
You block the wyvern's attack. The wyvern is struck by your spines.
The wyvern bites you. 😕 HP[-5]
You take 5 damage, and now have 71/76 hp.
You punch the wyvern! The wyvern bites you. 😕 HP[-1]
You take 1 damage, and now have 70/76 hp.
You punch the wyvern! The wyvern closely misses you.
You barely miss the wyvern. The wyvern bites you!
The two-headed ogre completely misses you.
The two-headed ogre hits you but does no damage. 😕 HP[-8]
You take 8 damage, and now have 62/76 hp.
You punch the wyvern!
You kill the wyvern!
Fedhas appreciates your contribution to the ecosystem. 😕 HP[+1]
You punch the two-headed ogre! The two-headed ogre barely misses you.
The two-headed ogre closely misses you.
You punch the two-headed ogre! You punch the two-headed ogre!
The two-headed ogre hits you with a +0 giant spiked club!!
* * * LOW HITPOINT WARNING * * *
The two-headed ogre hits you with a +0 giant club!
* * * LOW HITPOINT WARNING * * *
😨 HP[-38]
You take 38 damage, and now have 25/76 hp.
MASSIVE DAMAGE!! (PAUSE)
You hit the two-headed ogre. 😨 HP[+1]
You punch the two-headed ogre!
The two-headed ogre hits you with a +0 giant spiked club!!
* * * LOW HITPOINT WARNING * * *
You block the two-headed ogre's attack. 😱 HP[-18]
You take 18 damage, and now have 8/76 hp.
MASSIVE DAMAGE!! (PAUSE)
You hit the two-headed ogre.
Unknown command.
You hit the two-headed ogre.
The two-headed ogre hits you with a +0 giant spiked club!
You die...
Fedhas appreciates your contribution to the ecosystem.

Skill      XL: |  1  2  3  4  5  6  7  8  9 10 |
---------------+-------------------------------+-----
Unarmed Combat | 3 4 5 6 7 8 9 10 | 10.9
Dodging        | 3 6 |  6.0
Fighting       | 4 6 |  6.0
Invocations    | 3 10 | 10.0

Action                     |  1- 3 |  4- 6 |  7- 9 | 10-12 || total
---------------------------+-------+-------+-------+-------++-------
  Melee: Unarmed           |   132 |   104 |   237 |    56 ||   529
  Throw: Javelin           |       |    12 |    18 |       ||    30
 Invoke: Wall of Briars    |       |       |     2 |       ||     2
  Evoke: Piece from Xom's  |       |       |     2 |       ||     2
         Wand              |       |       |     5 |     2 ||     7
    Use: Potion            |     1 |       |     8 |       ||     9
         Scroll            |       |       |     6 |       ||     6
   Stab: Paralysed         |       |       |     4 |       ||     4
         Invisible         |       |       |       |     1 ||     1
 Armour: Robe              |    13 |       |       |       ||    13
         Ring mail         |    27 |    14 |       |       ||    41
         Leather armour    |       |    25 |    64 |    16 ||   105
  Dodge: Dodged            |    70 |    48 |   130 |    22 ||   270
  Block: Orb               |       |       |    20 |     7 ||    27

Levels and vault maps discovered:
D:1:      minmay_arrival_radiant_lines, layout_basic
D:2:      layout_loops_corners
D:3:      layout_basic, mainiacjoe_overflow_small_starburst, trog_book,
          xom_butterflies, nicolae_overflow_ecumenical_swirl,
          nicolae_ru_awakened_eye, hellmonk_ecumenical_altar_leap_of_faith,
          uniq_terence
D:4:      layout_loops_cross, uniq_robin
D:5:      layout_basic, mainiacjoe_overflow_alcove_4, nicolae_uskayaw_suspiria,
          serial_shops, nicolae_shop_tiny_real_fake_doors,
          ebering_ghost_rock_garden, uniq_ijyb, uniq_grinder, uniq_edmund,
          uniq_menkaure
D:6:      layout_basic, grunt_gozag_statues, minmay_temple_entry_hall,
          minmay_puff
D:7:      layout_basic
D:8:      layout_loops_corners, nzn_wu_jian_contemplation,
          ebering_ghost_disaster_area, uniq_gastronok
D:9:      layout_loops_ring, minmay_lair_entry_grove
Temple:   nicolae_temple_no_exploring_needed

Notes
Turn   | Place    | Note
-------+----------+-------------------------------------------
     0 | D:1      | MackTheKnife the Demonspawn Monk began the quest for the
                  | Orb.
     0 | D:1      | Reached XP level 1. HP: 18/18 MP: 1/1
     0 | D:1      | magus.rc [v1.9.6]
    60 | D:1      | Reached skill level 3 in Unarmed Combat
   152 | D:1      | Gained mutation: You are partially covered in razor-sharp
                  | scales. (AC +1, Slay +1) [demonic ancestry]
   152 | D:1      | Reached XP level 2. HP: 20/24 MP: 2/2
   432 | D:1      | Gained mutation: You have a pair of small antennae on your
                  | head. [demonic ancestry]
   432 | D:1      | Reached XP level 3. HP: 28/29 MP: 3/3
   499 | D:1      | Reached skill level 4 in Unarmed Combat
  1026 | D:2      | You pick up a book of the Hunter and begin reading...
  1026 | D:2      | You add the spells Call Canine Familiar, Portal Projectile
                  | and Leda's Liquefaction to your library.
  1205 | D:2      | Gained mutation: You are partially covered in sharp spines.
                  | [demonic ancestry]
  1205 | D:2      | Reached XP level 4. HP: 35/35 MP: 4/4
  1673 | D:3      | Found a shimmering altar of Xom.
  1787 | D:3      | Found a faded altar of an unknown god.
  1826 | D:3      | Found a bloodstained altar of Trog.
  1840 | D:3      | Found a sacrificial altar of Ru.
  1934 | D:3      | Found a faded altar of an unknown god.
  1952 | D:3      | Reached skill level 5 in Unarmed Combat
  2012 | D:3      | Noticed Terence
  2028 | D:3      | Killed Terence
  2029 | D:3      | Gained mutation: You are mostly covered in razor-sharp
                  | scales. (AC +2, Slay +2) [demonic ancestry]
  2029 | D:3      | Reached XP level 5. HP: 18/41 MP: 5/5
  2478 | D:3      | Found a snail-covered altar of Cheibriados.
  2740 | D:4      | Reached skill level 6 in Unarmed Combat
  2858 | D:4      | Noticed Robin
  2875 | D:4      | Killed Robin
  2876 | D:4      | Reached XP level 6. HP: 47/47 MP: 6/6
  3402 | D:5      | Entered Level 5 of the Dungeon
  3437 | D:5      | Found a runed translucent gate.
  3437 | D:5      | Found a runed translucent gate.
  3438 | D:5      | Found a runed translucent gate.
  3438 | D:5      | Noticed nago's ghost (amateur DjAE)
  3438 | D:5      | Noticed a water moccasin
  3445 | D:5      | Killed a water moccasin
  3446 | D:5      | Reached skill level 7 in Unarmed Combat
  3446 | D:5      | Reached XP level 7. HP: 37/52 MP: 7/7
  3670 | D:5      | Reached skill level 8 in Unarmed Combat
  3706 | D:5      | Reached skill level 3 in Dodging
  3741 | D:5      | Found a hazy altar of Hepliaklqana.
  3793 | D:5      | Noticed Grinder
  3828 | D:5      | Found Erecom's Jewellery Boutique.
  3918 | D:6      | Reached skill level 4 in Fighting
  3934 | D:6      | HP: 13/53 [wight/+0 morningstar (13)]
  3944 | D:6      | HP: 11/53 [wight/+0 morningstar (5)]
  3961 | D:5      | Noticed Ijyb
  3965 | D:5      | HP: 10/50 [Ijyb/bolt of light (5)]
  3967 | D:5      | Killed Ijyb
  3976 | D:5      | Gained mutation: A meltable shield of frost defends you.
                  | (SH +4) [demonic ancestry]
  3976 | D:5      | Reached XP level 8. HP: 17/60 MP: 8/8
  4053 | D:5      | Killed Grinder
  4054 | D:5      | Reached skill level 4 in Dodging
  4222 | D:5      | Reached skill level 5 in Fighting
  4388 | D:5      | You fall into a shaft and drop 2 floors!
  4469 | D:7      | You pick up a book of Beasts and begin reading...
  4469 | D:7      | You add the spells Summon Ice Beast, Summon Mana Viper and
                  | Monstrous Menagerie to your library.
  4505 | D:7      | Reached skill level 5 in Dodging
  4681 | D:6      | Noticed a hornet
  4689 | D:6      | Killed a hornet
  4690 | D:6      | Reached skill level 6 in Fighting
  4690 | D:6      | Reached skill level 6 in Dodging
  4807 | D:6      | Found a staircase to the Ecumenical Temple.
  4813 | Temple   | Entered the Ecumenical Temple
  4820 | Temple   | Became a worshipper of Fedhas Madash
  4820 | Temple   | Reached * piety under Fedhas
  4820 | Temple   | Reached ** piety under Fedhas
  4887 | D:6      | Reached skill level 2 in Invocations
  5024 | D:6      | Found an opulent altar of Gozag.
  5138 | D:6      | Reached skill level 3 in Invocations
  5138 | D:6      | Gained mutation: You have a pair of antennae on your head.
                  | [demonic ancestry]
  5138 | D:6      | Reached XP level 9. HP: 69/69 MP: 11/11
  5330 | D:6      | Reached skill level 4 in Invocations
  5376 | D:6      | Reached skill level 5 in Invocations
  5519 | D:6      | Reached skill level 6 in Invocations
  5913 | D:6      | magus.rc [v1.9.6]
  5934 | D:5      | Noticed Menkaure
  5942 | D:5      | HP: 12/69 [??? (10)]
  5944 | D:5      | Killed Menkaure
  5945 | D:5      | Reached skill level 7 in Invocations
  6164 | D:5      | Found a hide-covered altar of Uskayaw.
  6316 | D:7      | HP: 15/69 [hornet (12)]
  6316 | D:7      | Paralysed by a hornet for 1 turns
  6323 | D:7      | Reached skill level 8 in Invocations
  6603 | D:7      | Reached skill level 9 in Invocations
  6878 | D:7      | Identified the amulet "Deyleh Epo" {RegenMP Str+2}
  6888 | D:7      | Reached skill level 10 in Invocations
  6889 | D:7      | Reached *** piety under Fedhas
  6971 | D:8      | You add the spells Blink, Manifold Assault and Storm Form
                  | to your library.
  7039 | D:8      | Found an ornate altar of the Wu Jian Council.
  7564 | D:8      | Reached skill level 9 in Unarmed Combat
  7590 | D:8      | Reached XP level 10. HP: 74/76 MP: 17/17
  7659 | D:8      | Noticed Gastronok
  7683 | D:8      | Killed Gastronok
  7684 | D:8      | Reached skill level 10 in Unarmed Combat
  7791 | D:8      | Found a large runed translucent door.
  7792 | D:8      | Found a large runed translucent door.
  7793 | D:8      | Noticed pk666's ghost (novice DEFE)
  8140 | D:9      | Noticed a two-headed ogre
  8151 | D:9      | HP: 8/76 [two-headed ogre/+0 giant spiked club (18)]
  8153 | D:9      | Slain by a two-headed ogre

Vanquished Creatures
  Gastronok (D:8)
  Grinder (D:5)
  3 hornets
  2 wyverns
  A steam dragon (D:8)
  Menkaure (D:5)
  4 water moccasins
  An acid dragon (D:8)
  3 orc warriors
  2 sky beasts
  3 black bears
  2 ice beasts
  A centaur (D:8)
  A phantom (D:6)
  4 bullfrogs
  A scorpion (D:6)
  5 wights
  2 killer bees (D:7)
  A howler monkey (D:4)
  A hound (D:6)
  6 jellies
  3 orc priests
  Ijyb (D:5)
  Terence (D:3)
  7 iguanas
  8 orc wizards
  Robin (D:4)
  6 gnolls
  6 adders
  A shadow imp (D:6)
  2 white imps
  2 ufetubi (D:6)
  A worm (D:4)
  3 dart slugs
  28 orcs
  10 ball pythons
  7 bats
  6 endoplasms
  2 giant cockroaches
  14 goblins
  6 hobgoblins
  12 jackals
  5 quokkas
  3 frilled lizards
  7 kobolds
  5 rats
193 creatures vanquished.

Vanquished Creatures (collateral kills)
  A killer bee (D:7)
  An orc (D:7)
2 creatures vanquished.

Vanquished Creatures (others)
  A butterfly (D:3)
1 creature vanquished.

Grand Total: 196 creatures vanquished

Table legend:
 A = Non-vault XP
 B = Vault XP
 C = Vault XP percentage of total XP
 D = Non-vault monster count
 E = Vault monster count
 F = Vault count percentage of total count
                 A         B        C        D         E       F
            +---------+---------+-------+---------+---------+-------
      Total |    5439 |    2771 |  33.8 |     170 |      25 |  12.8
            +---------+---------+-------+---------+---------+-------
        D:1 |      58 |       0 |   0.0 |      33 |       0 |   0.0
        D:2 |      78 |       0 |   0.0 |      17 |       0 |   0.0
        D:3 |      92 |      38 |  29.2 |      14 |       1 |   6.7
        D:4 |     289 |      38 |  11.6 |      21 |      13 |  38.2
        D:5 |     779 |     487 |  38.5 |      12 |       3 |  20.0
        D:6 |    1050 |     334 |  24.1 |      21 |       5 |  19.2
        D:7 |    1544 |       0 |   0.0 |      32 |       0 |   0.0
        D:8 |    1219 |    1507 |  55.3 |      15 |       1 |   6.2
        D:9 |     330 |     367 |  52.7 |       5 |       2 |  28.6
            +---------+---------+-------+---------+---------+-------

Skill      XL: |  1  2  3  4  5  6  7  8  9 10 |
---------------+-------------------------------+-----
Unarmed Combat | 3 4 5 6 7 8 9 10 | 10.9
Dodging        | 3 6 |  6.0
Fighting       | 4 6 |  6.0
Invocations    | 3 10 | 10.0

Action                     |  1- 3 |  4- 6 |  7- 9 | 10-12 || total
---------------------------+-------+-------+-------+-------++-------
  Melee: Unarmed           |   132 |   104 |   237 |    56 ||   529
  Throw: Javelin           |       |    12 |    18 |       ||    30
 Invoke: Wall of Briars    |       |       |     2 |       ||     2
  Evoke: Piece from Xom's  |       |       |     2 |       ||     2
         Wand              |       |       |     5 |     2 ||     7
    Use: Potion            |     1 |       |     8 |       ||     9
         Scroll            |       |       |     6 |       ||     6
   Stab: Paralysed         |       |       |     4 |       ||     4
         Invisible         |       |       |       |     1 ||     1
 Armour: Robe              |    13 |       |       |       ||    13
         Ring mail         |    27 |    14 |       |       ||    41
         Leather armour    |       |    25 |    64 |    16 ||   105
  Dodge: Dodged            |    70 |    48 |   130 |    22 ||   270
  Block: Orb               |       |       |    20 |     7 ||    27

Illustrated notes

Table legend:
 A = Kills in this place as a percentage of kills in the entire game.
 B = Kills by you in this place as a percentage of kills by you in the entire game.
 C = Kills by friends in this place as a percentage of kills by friends in the entire game.
 D = Other kills in this place as a percentage of other kills in the entire game.
 E = Experience gained in this place as a percentage of experience gained in the entire game.
 F = Experience gained in this place divided by the number of levels of this place that you have seen.
                   A       B       C       D       E      F
               +-------+-------+-------+-------+-------+----------------------
         Total | 100.0 | 100.0 | 100.0 |   N/A | 100.0 | 821.0
       Dungeon | 100.0 | 100.0 | 100.0 |   N/A | 100.0 | 912.2
               +-------+-------+-------+-------+-------+----------------------

Table legend: (Time is in decaauts)
 A = Elapsed time spent in this place.
 B = Non-inter-level travel time spent in this place.
 C = Inter-level travel time spent in this place.
 D = Time resting spent in this place.
 E = Time spent auto-exploring this place.
 F = Levels seen in this place.
 G = Mean time per level.
                   A        B        C        D        E       F      G
               +--------+--------+--------+--------+--------+-----+--------+
         Total |   8091 |   7833 |    258 |    967 |   5452 |  10 |  809.1 |
       Dungeon |   8076 |   7818 |    258 |    967 |   5452 |   9 |  897.3 |
        Temple |     14 |     14 |      0 |      0 |      0 |   1 |   14.0 |
               +--------+--------+--------+--------+--------+-----+--------+

Top non-repeatable levels by time:
     D:6: 1398 daAuts
     D:5: 1118 daAuts
     D:8: 1041 daAuts
     D:7: 1004 daAuts
     D:3: 947 daAuts
     D:2: 896 daAuts
     D:1: 835 daAuts
     D:4: 709 daAuts
     D:9: 126 daAuts
  Temple: 14 daAuts
